 Dungeon Crawl Stone Soup version 0.21-a0-400-g417d9d2 (webtiles) character file.

35991 Hasart the Polluter (level 13, -34/71 HPs)
             Began as an Octopode Venom Mage on Oct 20, 2017.
             Was an Initiate of Gozag.
             Annihilated by grom234's ghost (39 damage)
             ... on level 12 of the Dungeon.
             The game lasted 01:22:40 (27722 turns).

Hasart the Polluter (Octopode Venom Mage)          Turns: 27722, Time: 01:22:41

Health: -34/71     AC:  1    Str:  9    XL:     13   Next: 87%
Magic:  9/27       EV: 14    Int: 27    God:    Gozag
Gold:   409        SH:  7    Dex: 12    Spells: 11/32 levels left

rFire    . . .     SeeInvis +   d - +0 spear of Evisceration {pierce, Int+6} (curse)
rCold    + + .     Gourm    .   M - +2 buckler {rC+}
rNeg     . . .     Faith    .   s - +0 mask of the Dragon {MR+ Slay+3 SInv}
rPois    .         Spirit   .   u - amulet of inaccuracy (curse)
rElec    .         Reflect  .   e - ring of flight
rCorr    .         Harm     .   x - ring of protection from cold
MR       +....                  y - ring of stealth
Stlth    ++++......             (no ring)
HPRegen  0.21/turn              (no ring)
MPRegen  0.20/turn              (no ring)
                                (no ring)
                                (no ring)

@: gold aura
A: almost no armour, stealthy swim, amphibious, 8 rings, constrict 8, camouflage
1, gelatinous body 1
a: Potion Petition, Call Merchant, Bribe Branch, Renounce Religion, Evoke Flight


You were on level 12 of the Dungeon.
You worshipped Gozag.
Gozag was aware of your devotion.
You were hungry.

You visited 3 branches of the dungeon, and saw 19 of its levels.

You collected 3098 gold pieces.
You spent 518 gold pieces at shops.
You paid 2171 gold pieces to Gozag.

Inventory:

Hand Weapons
 d - the cursed +0 spear of Evisceration (weapon) {pierce, Int+6}
   (You bought it in a shop on level 10 of the Dungeon)

   It inflicts extra damage upon your enemies.
   It affects your intelligence (+6).
   It has a curse placed upon it.
 r - a +3 short sword of electrocution
 S - the +3 battleaxe of Pandemonium {elec, Str+6}
   (You found it on level 2 of the Lair of Beasts)

   Occasionally, upon striking a foe, it will discharge some electrical energy
   and cause terrible harm.
   It affects your strength (+6).
Armour
 s - the +0 mask of the Dragon (worn) {MR+ Slay+3 SInv}
   (You acquired it on level 3 of the Lair of Beasts)

   It affects your accuracy and damage with ranged weapons and melee attacks
   (+3).
   It affects your resistance to hostile enchantments.
   It lets you see invisible.
 M - a +2 buckler of cold resistance (worn)
Jewellery
 e - a ring of flight (left tentacle)
 u - a cursed amulet of inaccuracy (around mantle)
 x - a ring of protection from cold (right tentacle)
 y - a ring of stealth (on tentacle)
 V - the amulet of Vitality {Regen+ HP+15}
   (You found it on level 11 of the Dungeon)

   [amulet of regeneration]

   It affects your health (+15).
   It increases your rate of regeneration.
Wands
 f - a wand of lightning (5/15)
 C - a wand of disintegration (0/24)
 J - a wand of acid (5/15)
 P - a wand of random effects (23/48)
 R - a wand of iceblast (6/15)
 U - a wand of random effects (28/48)
Scrolls
 i - 12 scrolls of identify
 j - 6 scrolls of remove curse
 m - 2 scrolls of amnesia
 o - 4 scrolls of recharging
 A - 3 scrolls of magic mapping
 L - 2 scrolls of fog
 Q - 3 scrolls of vulnerability {unknown}
 T - a scroll of enchant weapon
 W - 2 scrolls of brand weapon
Potions
 c - a potion of cancellation {unknown}
 l - 5 potions of curing
 n - 3 potions of lignification {unknown}
 p - 2 potions of resistance {unknown}
 t - a potion of mutation {unknown}
 w - 2 potions of invisibility {unknown}
 z - 3 potions of flight {unknown}
 B - 4 potions of brilliance {unknown}
 G - 2 potions of might {unknown}
 I - 2 potions of haste {unknown}
 N - a potion of magic {unknown}
Books
 a - a Young Poisoner's Handbook

   Spells                             Type                      Level
   a - Sting                          Conjuration/Poison           1
   b - Poisonous Vapours              Poison/Air                   2
   c - Mephitic Cloud                 Conjuration/Poison/Air       3
   d - Olgreb's Toxic Radiance        Poison                       4
   e - Venom Bolt                     Conjuration/Poison           5
 q - a book of Cantrips

   Spells                             Type                      Level
   a - Confusing Touch                Hexes                        1
   b - Animate Skeleton               Necromancy                   1
   c - Summon Small Mammal            Summoning                    1
   d - Apportation                    Translocation                1
 E - a book of Geomancy

   Spells                             Type                      Level
   a - Sandblast                      Earth                        1
   b - Passwall                       Transmutation/Earth          2
   c - Stone Arrow                    Conjuration/Earth            3
   d - Petrify                        Transmutation/Earth          4
   e - Lee's Rapid Deconstruction     Earth                        5
 K - a book of Maledictions

   Spells                             Type                      Level
   a - Corona                         Hexes                        1
   b - Ensorcelled Hibernation        Hexes/Ice                    2
   c - Confuse                        Hexes                        3
   d - Tukima's Dance                 Hexes                        3
   e - Dazzling Spray                 Conjuration/Hexes            3
Miscellaneous
 g - a lightning rod (4/4)
 D - a fan of gales
Comestibles
 b - 6 bread rations
 k - a royal jelly


   Skills:
 - Level 3.5 Short Blades
 + Level 3.0 Dodging
 - Level 2.6 Stealth
 + Level 4.7 Shields
 + Level 10.0 Spellcasting
 + Level 10.6 Conjurations
 - Level 5.3 Air Magic
 + Level 9.1 Earth Magic
 - Level 15.1 Poison Magic
 - Level 3.4 Evocations


You had 11 spell levels left.
You knew the following spells:

 Your Spells              Type           Power        Failure   Level  Hunger
a - Stone Arrow           Conj/Erth      ######       1%          3    None
b - Poisonous Vapours     Pois/Air       ######       1%          2    None
c - Olgreb's Toxic Radia  Pois           #######.     1%          4    None
d - Mephitic Cloud        Conj/Pois/Air  ######..     1%          3    None
e - Lee's Rapid Deconstr  Erth           ######....   2%          5    ####...
f - Petrify               Tmut/Erth      #####...     6%          4    None


Dungeon Overview and Level Annotations

Branches:
Dungeon (13/15)            Temple (1/1) D:7            Lair (5/6) D:10
  Swamp (0/4) Lair:2       Spider (0/4) Lair:3          Orc (0/2) D:12
  Slime: Lair:5-6    Vaults: D:13-14

Altars:
Ashenzari
Cheibriados
Elyvilon
Fedhas
Gozag
Kikubaaqudgha
Nemelex Xobeh
Okawaru
Qazlal
Ru
Sif Muna
Uskayaw
Wu Jian
Xom
Yredelemnul
The Shining One

Shops:
D:5 ?   D:9 *   D:10 *   D:13 ?   Lair:2 *

Annotations:
D:8 Dustman's ghost, novice HOFi
D:12 Azrael; Frances; grom234's ghost, journeyman TrMo
D:13 Kavrick's ghost, journeyman FoFi
Lair:5 Dustman's ghost, journeyman HOFi


Innate Abilities, Weirdness & Mutations

You cannot wear most types of armour.
You are very stealthy in the water. (Stealth+)
You are amphibious.
You can wear up to eight rings at the same time.
You can use your tentacles to constrict eight enemies at once.
Your skin changes colour to match your surroundings (Stealth+).
Your rubbery body absorbs attacks. (AC +1, EV +1)


Message History

You see here a large rock.
The cyclops throws a large rock.
The large rock barely misses you.
You see here a large rock.
You hit the orc but do no damage. You grab the orc. You constrict the orc.
The orc hits you with a dagger.
* * * LOW HITPOINT WARNING * * *
Unknown command.
Okay, then.
You hit the orc but do no damage. You squeeze the orc.
You kill the orc!
The unseen horror closely misses you.
You completely miss grom234's ghost. The unseen horror hits you!
* * * LOW HITPOINT WARNING * * *
You block grom234's ghost's attack.
You completely miss grom234's ghost. The unseen horror hits you.
* * * LOW HITPOINT WARNING * * *
Grom234's ghost hits you!!!
Ouch! That really hurt!
You die...
Your body crumbles into a pile of gold.

...o.......##(#..$#...
..
.............(#.#.#.#
#.#
8....>....8[.$#.#...
...
.......C...$#$u.#.#
#.#
...........##.#.(.#...
.....8..... #.#.#.#.#
#...xZ## #...#...# o
#.#(## #...#.#.#o#
#...@# #.....#...#
####W## ###.#.o.#...
#...#####W..#...#oo
#.#....##.#.#.#.# #
#...##.##o#...# ..
######.#..#.#.# .
#o#....#... #....#.#
#.# #.##.#... ..


You could see a cyclops, an unseen horror (invisible), grom234's ghost and a
centaur warrior simulacrum.

Vanquished Creatures
  Josephine (D:11)
  Snorg (D:10)
  3 hydras
  A catoblepas (Lair:3)
  A centaur warrior (D:12)
  A death knight (D:11)
  Erica (D:8)
  2 two-headed ogres (D:8)
  4 death yaks (Lair:4)
  Nergalle (Lair:4)
  An unseen horror (D:12)
  2 wolf spiders (Lair:3)
  An ugly thing (D:11)
  3 centaur zombies
  3 elephants (Lair:2)
  Joseph (D:9)
  5 spiny frogs
  2 rime drakes (Lair:4)
  4 komodo dragons
  A kobold demonologist (D:11)
  A queen bee (D:8)
  2 trolls (D:11)
  2 jumping spiders (Lair:3)
  2 hornets
  5 blink frogs
  Prince Ribbit (D:7)
  7 hippogriffs
  A slime creature (D:13)
  Grinder (D:4)
  Sigmund (D:4)
  22 yaks
  2 wyverns
  A vampire (D:9)
  2 wraiths (D:11)
  Eustachio (D:5)
  A steam dragon (Lair:4)
  Grum (D:9)
  A basilisk (Lair:2)
  A fire elemental (D:12)
  3 vampire mosquitoes
  3 wargs (D:10)
  Menkaure (D:7)
  A soldier ant (D:12)
  6 water moccasins
  6 orc warriors
  4 porcupines
  3 ice beasts
  2 sky beasts
  A black bear (D:7)
  9 wolves
  2 ogres
  13 centaurs
  10 crocodiles
  16 bullfrogs
  3 scorpions
  15 killer bees (D:8)
  5 wights (D:8)
  2 electric eels (Lair:1)
  5 howler monkeys
  3 crimson imps
  6 orc wizards
  A bullfrog zombie (D:11)
  3 hounds
  A quasit (D:11)
  4 centaur skeletons
  2 orc priests
  A jelly (D:9)
  2 bullfrog skeletons
  An iguana (D:7)
  10 worker ants
  A hound zombie (D:8)
  2 hound skeletons
  7 adders
  6 gnolls (D:6)
  2 shadow imps (D:6)
  2 oozes
  An adder skeleton (D:7)
  An adder zombie (D:5)
  4 worms
  2 dart slugs
  8 leopard geckos
  26 orcs
  2 bats
  2 giant cockroaches
  7 goblins
  9 hobgoblins
  4 jackals (D:5)
  4 quokkas
  A ball python (D:1)
  4 frilled lizards
  2 jackal skeletons
  8 kobolds
  A leopard gecko skeleton (D:5)
  A rat (D:1)
345 creatures vanquished.

Vanquished Creatures (collateral kills)
  A bullfrog (Lair:3)
1 creature vanquished.

Vanquished Creatures (others)
  A two-headed ogre (D:13)
  2 centaur warriors (D:13)
  A centaur zombie (D:13)
  3 trolls (D:13)
  A wyvern (D:13)
  A crimson imp (D:13)
  A bullfrog zombie (D:13)
  A jelly (D:13)
  An orc priest (D:11)
  An iguana (D:13)
  2 worker ants
  2 orcs
  12 fungi
  8 plants
37 creatures vanquished.

Grand Total: 383 creatures vanquished

Notes
Turn   | Place    | Note
-------+----------+-------------------------------------------
     0 | D:1      | Hasart the Octopode Venom Mage began the quest for the Orb.
     0 | D:1      | Reached XP level 1. HP: 11/11 MP: 3/3
   159 | D:1      | Reached skill level 4 in Poison Magic
   159 | D:1      | Reached XP level 2. HP: 17/17 MP: 5/5
   499 | D:1      | Learned a level 2 spell: Poisonous Vapours
   539 | D:1      | Reached XP level 3. HP: 10/21 MP: 6/6
  1414 | D:2      | Found a snail-covered altar of Cheibriados.
  1822 | D:2      | Reached XP level 4. HP: 27/27 MP: 2/7
  2016 | D:3      | Learned a level 4 spell: Olgreb's Toxic Radiance
  2120 | D:3      | Reached skill level 5 in Poison Magic
  2687 | D:4      | Noticed Grinder
  2827 | D:4      | Reached XP level 5. HP: 9/31 MP: 0/9
  3203 | D:4      | Reached skill level 1 in Evocations
  3241 | D:4      | Learned a level 3 spell: Mephitic Cloud
  3550 | D:4      | Reached skill level 6 in Poison Magic
  3550 | D:4      | Reached XP level 6. HP: 30/36 MP: 6/10
  3616 | D:4      | Noticed Eustachio
  3935 | D:4      | Noticed Sigmund
  3945 | D:4      | Killed Sigmund
  3945 | D:4      | Reached skill level 7 in Poison Magic
  3945 | D:4      | Reached XP level 7. HP: 31/41 MP: 5/12
  4104 | D:5      | Entered Level 5 of the Dungeon
  4153 | D:5      | Found Fomenla's Magic Scroll Emporium.
  4318 | D:5      | Killed Eustachio
  4318 | D:5      | Reached skill level 1 in Short Blades
  4876 | D:5      | Reached XP level 8. HP: 39/46 MP: 9/14
  4970 | D:6      | Reached skill level 8 in Poison Magic
  5594 | D:4      | Killed Grinder
  6311 | D:6      | Reached skill level 9 in Poison Magic
  6588 | D:7      | Reached skill level 5 in Conjurations
  6691 | D:7      | Reached skill level 5 in Spellcasting
  6691 | D:7      | Reached XP level 9. HP: 51/51 MP: 11/16
  7007 | D:7      | Noticed Menkaure
  7169 | D:7      | Noticed Prince Ribbit
  7182 | D:7      | Killed Prince Ribbit
  7282 | D:7      | Found a staircase to the Ecumenical Temple.
  7291 | Temple   | Entered the Ecumenical Temple
  7316 | Temple   | Became a worshipper of Gozag Ym Sagoz the Greedy
  7510 | D:7      | Killed Menkaure
  7510 | D:7      | Reached skill level 1 in Air Magic
  7510 | D:7      | Reached skill level 10 in Poison Magic
  7969 | D:8      | Noticed a queen bee
  7975 | D:8      | Killed a queen bee
  8014 | D:8      | Noticed Dustman's ghost (novice HOFi)
  8095 | D:8      | Found an ornate altar of the Wu Jian Council.
  8143 | D:8      | Noticed a two-headed ogre
  8146 | D:8      | Reached skill level 11 in Poison Magic
  8149 | D:8      | Noticed Erica
  8334 | D:8      | Reached XP level 10. HP: 53/56 MP: 17/19
  8664 | D:8      | Found a stormy altar of Qazlal.
  8667 | D:8      | Noticed a two-headed ogre
  8669 | D:8      | Found a glowing golden altar of the Shining One.
  8669 | D:8      | Found an iron altar of Okawaru.
  8684 | D:8      | Killed a two-headed ogre
  8840 | D:8      | Killed a two-headed ogre
  8841 | D:8      | Noticed a two-headed ogre
  9102 | D:8      | Killed Erica
  9102 | D:8      | Reached skill level 12 in Poison Magic
  9698 | D:9      | Noticed Joseph
  9729 | D:9      | Killed Joseph
  9971 | D:9      | Found a white marble altar of Elyvilon.
 10047 | D:9      | Noticed Grum
 10051 | D:9      | Reached skill level 5 in Air Magic
 10051 | D:9      | Reached XP level 11. HP: 31/61 MP: 13/21
 10058 | D:9      | Killed Grum
 10632 | D:9      | Found Ruemeyf's General Store.
 10699 | D:9      | Found a hide-covered altar of Uskayaw.
 10800 | D:10     | Entered Level 10 of the Dungeon
 10800 | D:10     | Noticed Snorg
 10984 | D:10     | Bought a paperback book for 255 gold pieces
 10988 | D:10     | Learned a level 3 spell: Stone Arrow
 11107 | D:10     | Found a blossoming altar of Fedhas.
 11252 | D:10     | Killed Snorg
 11252 | D:10     | Reached skill level 1 in Earth Magic
 11252 | D:10     | Reached skill level 13 in Poison Magic
 11667 | D:10     | Found a staircase to the Lair.
 12527 | Lair:1   | Entered Level 1 of the Lair of Beasts
 12857 | D:10     | Bought a faintly glowing spear for 136 gold pieces
 12857 | D:10     | Bought a shiny buckler for 127 gold pieces
 12857 | D:10     | Identified the cursed +0 spear of Evisceration {pierce, Int+6} (You bought it in a shop on level 10 of the Dungeon)
 13121 | Lair:1   | Reached skill level 1 in Shields
 13437 | Lair:1   | Noticed a four-headed hydra
 13795 | Lair:1   | Killed a four-headed hydra
 14653 | Lair:2   | Reached skill level 5 in Earth Magic
 14653 | Lair:2   | Reached XP level 12. HP: 51/66 MP: 11/24
 14850 | Lair:2   | Found a staircase to the Swamp.
 15374 | Lair:2   | Got a steaming battleaxe
 15375 | Lair:2   | Identified the +3 battleaxe of Pandemonium {elec, Str+6} (You found it on level 2 of the Lair of Beasts)
 16109 | Lair:3   | Identified a scroll of acquirement
 16110 | Lair:3   | Found the +0 mask of the Dragon {MR+ Slay+3 SInv}
 16686 | Lair:3   | Noticed a catoblepas
 16709 | Lair:3   | Killed a catoblepas
 16967 | Lair:3   | Reached skill level 14 in Poison Magic
 17671 | Lair:3   | Found a hole to the Spider Nest.
 19252 | Lair:4   | Noticed Nergalle
 19269 | Lair:4   | Killed Nergalle
 19814 | Lair:5   | Noticed a death yak
 19814 | Lair:5   | Noticed a death yak
 19814 | Lair:5   | Noticed a death yak
 19814 | Lair:5   | Noticed a death yak
 19814 | Lair:5   | Noticed a death yak
 19826 | Lair:5   | Noticed Dustman's ghost (journeyman HOFi)
 20078 | D:11     | Noticed a five-headed hydra
 20088 | D:11     | Killed a five-headed hydra
 20088 | D:11     | Reached XP level 13. HP: 71/71 MP: 8/26
 20331 | D:11     | Found the amulet of Vitality {Regen+ HP+15}
 21350 | D:11     | Reached skill level 10 in Conjurations
 22320 | D:12     | Noticed Josephine
 25090 | D:11     | Killed Josephine
 25090 | D:11     | Reached skill level 15 in Poison Magic
 25445 | D:12     | Noticed Frances
 26009 | D:11     | HP: 3/71 [wraith[Josephine] (3)]
 26593 | D:12     | Noticed grom234's ghost (journeyman TrMo)
 26994 | D:13     | Reached skill level 10 in Spellcasting
 27050 | D:13     | Noticed Kavrick's ghost (journeyman FoFi)
 27496 | D:13     | Found a shimmering altar of Xom.
 27613 | D:13     | Learned a level 5 spell: Lee's Rapid Deconstruction
 27618 | D:13     | Learned a level 4 spell: Petrify
 27692 | D:12     | Noticed Azrael
 27715 | D:12     | Found a staircase to the Orcish Mines.
 27722 | D:12     | Annihilated by grom234's ghost

Vault maps used:
D:1:      dpeg_arrival_rooms_b, hex_large
D:2:      cheibriados_altar_1, serial_forest, infiniplex_forest_clump_double,
          infiniplex_forest_corner_1, infiniplex_forest_zigzag_1,
          infiniplex_forest_zigzag_2, infiniplex_forest_lined_room_,
          infiniplex_forest_lined_corner, infiniplex_forest_end_2,
          infiniplex_forest_straight_4
D:3:      kennysheep_another_room
D:4:      first_bread, uniq_sigmund, uniq_eustachio, uniq_grinder
D:5:      serial_shops, nicolae_shop_stone
D:7:      minmay_temple_entry_nine_rooms, uniq_menkaure, uniq_prince_ribbit1
D:8:      grunt_temple_overflow_open, david_nohive_1, minmay_misc_feat_roman,
          uniq_erica
D:9:      lemuel_round_altar, serial_shops, shop_statue, basic_altar,
          hangedman_decor_points, uniq_grum, uniq_joseph
D:10:     erik_lair_orcish_takeover, fedhas_altar_3, uniq_snorg
D:11:     lemuel_old_faithful
D:12:     minmay_dotted_concentric_squares, david_orc_2, uniq_azrael,
          uniq_josephine, uniq_frances
D:13:     xom_confusion_cloud
Temple:   compressed_dpeg_circular_temple
Lair:1:   wad_woods_river_03, serial_bayou_shore_a
Lair:2:   swamp_mist
Lair:3:   spider_nest_entry_funnel_web, lemuel_fruit_tree
Lair:4:   grunt_megastairs_5, uniq_nergalle
Lair:5:   slime_altar_1, forest_entry_grove, infiniplex_staircase_pool

Skill      XL: |  1  2  3  4  5  6  7  8  9 10 11 12 13 |
---------------+----------------------------------------+-----
Poison Magic   | 4 5 6 7 9 11 12 13 14 15 | 15.1
Conjurations   | 2 3 4 5 6 7 8 9 10 | 10.6
Spellcasting   | 3 4 5 6 7 8 9 10 | 10.0
Evocations     | 1 2 3 |  3.4
Short Blades   | 1 3 |  3.5
Air Magic      | 3 5 |  5.3
Earth Magic    | 5 7 9 |  9.1
Shields        | 3 4 |  4.7
Dodging        | 3 |  3.0
Stealth        | |  2.6

Action                   |  1- 3 |  4- 6 |  7- 9 | 10-12 | 13-15 || total
-------------------------+-------+-------+-------+-------+-------++-------
Melee: Dagger            |    71 |     7 |       |       |       ||    78
       Unarmed           |     2 |       |       |       |       ||     2
       Tentacles         |    11 |     8 |    16 |    23 |    14 ||    72
       Constrict         |    13 |    14 |    27 |    23 |    12 ||    89
       Short sword       |       |    43 |   108 |   113 |       ||   264
       Spear             |       |       |       |    46 |    85 ||   131
 Cast: Sting             |    10 |       |       |       |       ||    10
       Poisonous Vapours |    11 |    14 |    42 |   103 |    26 ||   196
       Olgreb's Toxic Ra |       |     1 |    18 |    43 |    36 ||    98
       Mephitic Cloud    |       |     1 |     5 |    42 |    48 ||    96
       Stone Arrow       |       |       |       |   105 |   128 ||   233
Invok: Call Merchant     |       |       |       |     2 |     1 ||     3
       Potion Petition   |       |       |       |       |     1 ||     1
Evoke: Wand              |       |       |       |       |     4 ||     4
  Use: Scroll            |       |     5 |     9 |    10 |     6 ||    30
       Potion            |       |       |     2 |     3 |     4 ||     9
 Stab: Sleeping          |     7 |     5 |     3 |     8 |     1 ||    24
       Distracted        |       |       |     2 |     1 |     2 ||     5
       Confused          |       |       |     1 |     5 |     4 ||    10
  Eat: Chunk             |     2 |     9 |    11 |       |       ||    22
       Meat ration       |       |       |     1 |     3 |       ||     4
       Royal jelly       |       |       |     1 |     8 |     3 ||    12
       Fruit             |       |       |       |     8 |       ||     8
       Bread ration      |       |       |       |       |     4 ||     4
Armor: Skin              |     3 |     1 |     3 |    10 |     5 ||    22
Dodge: Dodged            |    37 |    25 |    71 |    94 |   106 ||   333
Block: Buckler           |       |       |       |    11 |    66 ||    77

Table legend:
 A = Spawn XP
 B = Non-spawn XP
 C = Spawn XP percentage of total XP
 D = Spawn monster count
 E = Non-spawn monster count
 F = Spawn count percentage of total count
 G = Total turns spent on level
                    A         B        C        D         E        F      G
               +---------+---------+-------+---------+---------+-------+---------
         Total |       0 |   51416 |   0.0 |       0 |     346 |   0.0 | 27722
               +---------+---------+-------+---------+---------+-------+---------
           D:1 |       0 |      51 |   0.0 |       0 |      24 |   0.0 |  1073
           D:2 |       0 |      42 |   0.0 |       0 |      10 |   0.0 |   932
           D:3 |       0 |      51 |   0.0 |       0 |      13 |   0.0 |   678
           D:4 |       0 |     955 |   0.0 |       0 |      23 |   0.0 |  1950
           D:5 |       0 |     508 |   0.0 |       0 |      13 |   0.0 |   909
           D:6 |       0 |     514 |   0.0 |       0 |      19 |   0.0 |  1027
           D:7 |       0 |    1030 |   0.0 |       0 |      10 |   0.0 |  1762
           D:8 |       0 |    5120 |   0.0 |       0 |      37 |   0.0 |  1397
           D:9 |       0 |    1683 |   0.0 |       0 |      12 |   0.0 |  1076
          D:10 |       0 |    3439 |   0.0 |       0 |      38 |   0.0 |  2105
          D:11 |       0 |    9041 |   0.0 |       0 |      35 |   0.0 |  4519
          D:12 |       0 |    2790 |   0.0 |       0 |      16 |   0.0 |   398
          D:13 |       0 |    2358 |   0.0 |       0 |       8 |   0.0 |   766
        Lair:1 |       0 |    4067 |   0.0 |       0 |      18 |   0.0 |  1679
        Lair:2 |       0 |    5058 |   0.0 |       0 |      19 |   0.0 |  1405
        Lair:3 |       0 |    5509 |   0.0 |       0 |      20 |   0.0 |  2256
        Lair:4 |       0 |    9200 |   0.0 |       0 |      31 |   0.0 |  3710
               +---------+---------+-------+---------+---------+-------+---------
